Map: Newkirk Precinct TE (Void)

Players

NORTHAMERICA

  • Race: Protoss Protoss
  • League: Grandmaster
  • Spawn Location: 5:00

llllllllllll (Oliveira) - Winner!

  • Race: Terran Terran
  • League: Grandmaster
  • Spawn Location: 7:00

VOD

Have the link to the VOD?

Description

Time

  • Played on: March 22, 2017, 12:25 a.m.
  • Length: 17:20
Show
View Real Time Build Order
Export as new Build Order

NORTHAMERICA Protoss 

Build Orders: 1 Gate Expand, Blink Stalkers 

Get SALT Encoding   

  12  0:01  Probe (Chrono Boost)  
  13  0:12  Probe (Chrono Boost)  
  14  0:18  Pylon  
  14  0:22  Probe (Chrono Boost)  
  15  0:37  Probe (Chrono Boost)  
  15  0:38  Gateway  
  16  0:47  Probe (Chrono Boost)  
  16  0:48  Assimilator  
  17  0:58  Probe (Chrono Boost)  
  18  1:08  Probe (Chrono Boost)  
  19  1:20  Nexus  
  20  1:32  Cybernetics Core  
  19  1:33  Probe (Chrono Boost)  
  20  1:43  Assimilator  
  20  1:44  Probe (Chrono Boost)  
  21  1:54  Probe (Chrono Boost)  
  21  1:56  Pylon  
  22  2:05  Probe (Chrono Boost)  
  23  2:14  Adept  
  25  2:16  Mothership Core (Chrono Boost)  
  25  2:22  Warp Gate  
  27  2:25  Pylon  
  27  2:33  Probe (Chrono Boost)  
  27  2:34  Probe (Chrono Boost)  
  30  2:44  Probe (Chrono Boost)  
  30  2:45  Probe (Chrono Boost)  
  31  2:53  Twilight Council  
  31  2:55  Probe (Chrono Boost)  
  31  2:56  Probe (Chrono Boost)  
  33  3:05  Probe (Chrono Boost)  
  34  3:06  Probe (Chrono Boost)  
  34  3:08  Robotics Facility  
  35  3:16  Probe (Chrono Boost)  
  35  3:17  Probe (Chrono Boost)  
  37  3:26  Probe (Chrono Boost)  
  38  3:27  Blink, Probe (Chrono Boost)  
  38  3:31  Gateway  
  39  3:34  Gateway  
  39  3:37  Probe (Chrono Boost)  
  39  3:39  Probe (Chrono Boost)  
  41  3:47  Probe (Chrono Boost)  
  42  3:51  Pylon  
  42  3:53  Probe (Chrono Boost), Observer  
  43  3:59  Probe (Chrono Boost)  
  45  4:05  Probe (Chrono Boost), Assimilator  
  46  4:10  Pylon  
  46  4:12  Probe (Chrono Boost), Observer  
  49  4:17  Probe (Chrono Boost)  
  49  4:24  Probe (Chrono Boost)  
  50  4:29  Probe (Chrono Boost), Stalker  
  50  4:30  Stalker x2  
  57  4:32  Assimilator  
  57  4:36  Probe (Chrono Boost), Pylon  
  58  4:38  Immortal  
  58  4:41  Probe (Chrono Boost)  
  63  4:48  Probe (Chrono Boost)  
  65  4:53  Probe (Chrono Boost)  
  65  4:55  Gateway  
  65  4:56  Gateway  
  65  5:01  Pylon  
  65  5:05  Forge, Sentry  
  67  5:08  Adept  
  67  5:09  Adept  
  67  5:12  Immortal  
  75  5:29  Pylon  
  75  5:30  Robotics Bay  
  75  5:32  Stalker  
  77  5:39  Stalker x2  
  81  5:48  Pylon  
  79  5:57  Adept  
  79  5:58  Adept x2  
  79  6:03  Adept x2  
  71  6:23  Stalker x3  
  71  6:24  Stalker x2  
  67  6:26  Immortal  
  56  6:47  Stalker x3  
  56  6:48  Stalker  
  57  6:58  Probe (Chrono Boost)  
  57  7:00  Probe (Chrono Boost)  
  56  7:04  Resonating Glaives  
  56  7:09  Probe (Chrono Boost)  
  56  7:11  Probe (Chrono Boost)  
  58  7:19  Probe (Chrono Boost)  
  58  7:21  Disruptor, Probe (Chrono Boost)  
  64  7:30  Probe (Chrono Boost)  
  64  7:32  Probe (Chrono Boost)  
  65  7:40  Probe (Chrono Boost)  
  65  7:42  Probe (Chrono Boost)  
  65  7:43  Nexus  
  67  7:46  Protoss Ground Weapons Level 1, Pylon  
  68  7:52  Disruptor, Probe (Chrono Boost)  
  74  8:05  Probe (Chrono Boost)  
  74  8:06  Mothership Core (Chrono Boost)  
  74  8:07  Adept  
  74  8:11  Adept  
  78  8:19  Probe (Chrono Boost), Adept x2  
  83  8:23  Disruptor  
  83  8:26  Probe (Chrono Boost)  
  84  8:31  Probe (Chrono Boost)  
  88  8:36  Stalker  
  88  8:38  Probe (Chrono Boost)  
  91  8:41  Adept  
  91  8:43  Probe (Chrono Boost)  
  94  8:50  Adept  
  94  8:51  Adept  
  96  9:00  Disruptor  
  96  9:08  Probe (Chrono Boost)  
  100  9:12  Probe x2 (Chrono Boost)  
  100  9:14  Pylon  
  100  9:16  Adept x2  
  100  9:17  Adept  
  108  9:20  Probe (Chrono Boost)  
  108  9:23  Probe (Chrono Boost)  
  110  9:25  Protoss Ground Armor Level 1  
  105  9:41  Disruptor  
  105  9:43  Adept x4  
  105  9:44  Adept  
  113  9:52  Probe (Chrono Boost)  
  117  9:53  Pylon  
  117  10:05  Nexus  
  117  10:07  Pylon  
  117  10:12  Disruptor, Stalker x4  
  128  10:30  Stalker  
  130  10:37  Probe (Chrono Boost)  
  130  10:40  Gateway  
  130  10:41  Gateway  
  130  10:42  Assimilator  
  127  10:44  Stalker x3  
  127  10:47  Assimilator  
  127  10:48  Disruptor  
  132  10:51  Probe (Chrono Boost)  
  132  10:54  Stalker  
  137  11:02  Stalker  
  116  11:16  Stalker x3  
  116  11:17  Protoss Ground Armor Level 2  
  100  11:19  Disruptor  
  93  11:33  Probe (Chrono Boost)  
  93  11:34  Probe (Chrono Boost)  
  93  11:35  Probe (Chrono Boost)  
  93  11:39  Adept x5  
  105  11:40  Pylon  
  105  11:42  Pylon  
  105  11:44  Probe (Chrono Boost)  
  105  11:45  Probe (Chrono Boost)  
  108  11:47  Probe (Chrono Boost)  
  108  11:55  Stalker x2  
  113  12:02  Probe (Chrono Boost)  
  113  12:04  Probe (Chrono Boost)  
  114  12:09  Stalker  
  114  12:10  Stalker x2  
  114  12:13  Stalker  
  123  12:16  Probe (Chrono Boost)  
  123  12:20  Stalker  
  125  12:24  Disruptor  
  125  12:27  Stalker x2  
  132  12:32  Probe (Chrono Boost)  
  132  12:34  Probe (Chrono Boost)  
  134  12:45  Stalker x2  
  134  12:46  Stalker  
  138  12:55  Disruptor  
  136  13:03  Stalker x4  
  144  13:17  Probe (Chrono Boost), Assimilator  
  143  13:21  Zealot, Assimilator  
  143  13:24  Stalker x2, Pylon  
  143  13:26  Disruptor  
  152  13:41  Stalker x3  
  141  13:52  Probe (Chrono Boost)  
  140  13:57  Disruptor  
  144  14:04  Probe (Chrono Boost)  
  144  14:05  Probe (Chrono Boost), Adept x4  
  144  14:06  Adept x3  
  144  14:09  Probe (Chrono Boost)  
  150  14:27  Stalker  
  150  14:28  Stalker x4  
  130  14:42  Probe (Chrono Boost), Observer  
  130  14:43  Photon Cannon  
  130  14:44  Stalker x2  
  134  14:49  Assimilator  
  134  14:51  Pylon  
  105  15:01  Observer  
  105  15:04  Stalker  
  105  15:05  Stalker x4  
  111  15:10  Probe (Chrono Boost)  
  112  15:16  Probe (Chrono Boost)  
  113  15:23  Probe (Chrono Boost)  
  113  15:24  Probe (Chrono Boost)  
  116  15:29  Probe (Chrono Boost)  
  116  15:32  Stalker x3  
  116  15:33  Stalker  
  124  15:45  Adept x3  
  128  15:59  Adept x3  
  128  16:00  Adept  
  139  16:18  Pylon  
  133  16:20  Pylon, Cybernetics Core  
  133  16:22  Pylon x2  
  110  16:45  Templar Archives  
  110  17:02  Gateway  
  110  17:04  Gateway, Zealot x3  
  110  17:05  Zealot  
  110  17:07  Gateway  
  118  17:12  Robotics Facility  
  118  17:15  Pylon  
Show
View Real Time Build Order
Export as new Build Order

llllllllllll Terran - Winner!

Build Orders: Reaper Expand, MMM Bio 

Get SALT Encoding   

  12  0:01  SCV  
  13  0:13  SCV  
  14  0:18  Supply Depot  
  14  0:25  SCV  
  15  0:30  Refinery  
  15  0:40  SCV  
  16  0:46  Barracks  
  16  0:52  SCV  
  17  1:04  SCV  
  18  1:16  SCV  
  19  1:33  Reaper, Orbital Command  
  20  1:45  Command Center  
  20  1:55  Factory  
  20  1:59  SCV  
  21  2:05  Refinery  
  21  2:08  Barracks Reactor  
  21  2:11  SCV  
  22  2:16  Supply Depot  
  22  2:23  SCV  
  23  2:38  SCV  
  23  2:42  Starport, Factory Tech Lab  
  24  2:46  Marine x2  
  24  2:50  SCV  
  27  2:56  Orbital Command  
  27  3:02  SCV  
  28  3:06  Marine x2  
  30  3:14  SCV  
  30  3:15  Widow Mine  
  33  3:20  Barracks  
  33  3:22  SCV  
  33  3:24  Raven  
  36  3:27  SCV  
  36  3:31  Marine x2  
  39  3:36  Supply Depot  
  39  3:38  SCV  
  39  3:39  SCV  
  41  3:43  Refinery  
  41  3:45  Factory Tech Lab  
  41  3:51  Barracks  
  41  3:53  SCV  
  41  3:55  SCV  
  43  3:58  Marine  
  43  3:59  Marine  
  45  4:05  Siege Tank, SCV  
  49  4:11  Supply Depot  
  49  4:14  SCV  
  50  4:17  SCV  
  50  4:19  Combat Shields  
  50  4:20  Marine  
  50  4:22  Marine  
  53  4:26  SCV  
  54  4:35  SCV  
  54  4:38  Marine, Supply Depot  
  59  4:39  Siege Tank  
  59  4:40  Marine  
  59  4:42  Liberator  
  60  4:46  SCV  
  60  4:47  SCV  
  62  4:53  Supply Depot  
  62  4:59  Marine x3  
  69  5:00  SCV  
  69  5:01  Supply Depot  
  69  5:02  SCV  
  70  5:07  Engineering Bay  
  70  5:16  Marine, Siege Tank  
  70  5:17  Marine x3  
  70  5:18  SCV  
  78  5:22  SCV  
  79  5:31  SCV  
  79  5:32  Supply Depot  
  79  5:33  Terran Infantry Weapons Level 1  
  79  5:34  Marine  
  79  5:35  Marine  
  82  5:39  Marine, Stimpack  
  82  5:41  SCV  
  84  5:54  Bunker  
  81  5:59  Marine x2  
  81  6:00  Siege Tank  
  81  6:02  Marine, Starport Reactor  
  87  6:06  SCV  
  87  6:08  Refinery  
  87  6:09  Supply Depot  
  88  6:15  Command Center  
  84  6:18  SCV  
  84  6:24  SCV  
  75  6:30  Marine  
  75  6:31  SCV  
  72  6:36  SCV  
  72  6:38  Marine  
  70  6:43  SCV  
  66  6:48  SCV  
  66  6:49  Supply Depot, Barracks x2, Marine  
  66  6:51  Factory Reactor  
  68  6:55  SCV  
  68  6:58  Marine  
  68  6:59  Marauder x2, Concussive Shells  
  68  7:00  SCV, Medivac x2  
  71  7:07  Marine, SCV  
  73  7:10  Missile Turret  
  73  7:11  Supply Depot  
  73  7:12  SCV  
  74  7:16  Marine  
  74  7:20  Marauder x2  
  74  7:21  SCV  
  80  7:24  Marine  
  80  7:27  Terran Infantry Armor Level 1  
  80  7:28  Orbital Command  
  80  7:29  Widow Mine  
  81  7:30  Widow Mine  
  81  7:32  Armory  
  81  7:33  Engineering Bay, SCV x2  
  87  7:38  Barracks Reactor  
  87  7:39  Barracks Tech Lab  
  87  7:41  Marine  
  87  7:42  Marauder  
  87  7:43  Marauder  
  92  7:44  Medivac  
  92  7:47  Marine, Medivac  
  92  7:48  SCV  
  92  7:50  SCV  
  99  7:55  SCV  
  102  7:58  Marauder  
  102  7:59  Marine, Widow Mine x2  
  102  8:01  Liberator x2  
  102  8:02  SCV  
  102  8:04  Marauder  
  112  8:06  Marauder  
  112  8:07  Marine, Supply Depot  
  112  8:09  SCV  
  114  8:13  SCV  
  114  8:15  Marine, Refinery  
  114  8:16  Refinery  
  124  8:20  Marauder  
  124  8:24  Marine x2  
  124  8:26  SCV  
  127  8:28  SCV x2, Terran Infantry Weapons Level 2  
  127  8:29  Supply Depot  
  127  8:30  Supply Depot  
  127  8:31  Marauder  
  131  8:34  Marine  
  131  8:35  Marine  
  131  8:36  Marauder, Widow Mine  
  131  8:37  Widow Mine  
  128  8:50  Marine  
  128  8:51  Marauder, SCV  
  128  8:52  Liberator  
  128  8:53  Marine x2  
  128  8:54  Marauder  
  128  9:03  Marine, Marauder  
  128  9:06  Widow Mine x2  
  128  9:07  Terran Ship Weapons Level 1  
  128  9:08  Marine  
  136  9:13  Starport  
  136  9:15  Command Center  
  136  9:16  Marauder, Marine  
  142  9:23  Supply Depot  
  142  9:24  Terran Infantry Armor Level 2  
  142  9:25  Liberator  
  142  9:32  Marine  
  142  9:33  Marauder  
  122  9:41  Marine x2  
  122  9:42  Marine, Marauder x2  
  122  9:50  Marine  
  127  9:54  Marauder  
  127  9:59  Marine  
  130  10:01  Marine  
  130  10:02  Marine  
  130  10:03  Marauder  
  131  10:07  Marauder  
  131  10:08  Marine  
  132  10:14  Liberator x2  
  132  10:15  Liberator  
  132  10:17  Liberator  
  132  10:20  Marine x3  
  132  10:21  Marauder, Supply Depot  
  133  10:25  Marauder  
  132  10:29  Marauder  
  132  10:30  Marine, Factory Reactor  
  147  10:39  Planetary Fortress  
  147  10:42  Marauder  
  149  10:43  Marine  
  149  10:46  Marauder  
  149  10:49  Marine x2  
  151  11:01  Marine x2  
  151  11:02  Marauder  
  144  11:08  Liberator x4  
  144  11:10  Marine  
  144  11:11  Marauder  
  137  11:14  Marine  
  137  11:15  Marauder  
  117  11:19  Marine  
  117  11:23  Marauder, Marine  
  106  11:26  Widow Mine x2  
  106  11:28  Marine  
  106  11:31  Missile Turret  
  106  11:32  Marauder  
  120  11:33  Missile Turret  
  120  11:34  Marine, Missile Turret  
  120  11:36  Marauder  
  123  11:42  Marine  
  123  11:44  Marine  
  123  11:45  Marauder  
  123  11:46  Terran Infantry Weapons Level 3  
  127  11:49  SCV x2  
  127  11:50  Refinery  
  127  11:51  Refinery  
  127  11:53  Marine, Marauder  
  132  11:55  Terran Ship Weapons Level 2  
  132  11:57  Marine  
  132  11:59  Marauder  
  132  12:09  Medivac x2  
  132  12:10  Marine x2, Marauder  
  132  12:11  Marine  
  141  12:19  Command Center  
  141  12:20  Marauder  
  143  12:24  Terran Infantry Armor Level 3  
  143  12:29  Marine x3, Marauder  
  148  12:32  Marauder  
  148  12:36  Marine  
  150  12:41  Marauder  
  150  12:42  SCV x2  
  150  12:46  Marine  
  150  12:48  Medivac x3  
  150  12:50  Marine x2  
  150  12:51  Marauder  
  161  12:53  Marauder  
  161  12:54  Marine  
  161  12:57  Liberator  
  156  13:02  Marauder  
  156  13:04  Marine  
  154  13:06  Liberator x2  
  154  13:07  Marine  
  154  13:12  Marine, Marauder  
  144  13:14  Marine, Marauder  
  150  13:20  Widow Mine x2  
  150  13:22  Marine  
  150  13:24  Marauder  
  150  13:25  Marine  
  164  13:29  Marine  
  164  13:33  Marauder  
  163  13:36  Marauder  
  159  13:45  Marauder, Medivac  
  159  13:47  Marine  
  164  13:55  Marauder  
  166  13:59  Medivac  
  166  14:00  Marine x2, Marauder  
  172  14:06  Liberator  
  166  14:21  Marine, Medivac x2  
  166  14:22  Marine x3, Marauder x2  
  166  14:23  Marauder, Liberator  
  167  14:37  Liberator x2  
  135  14:39  Marine x3  
  135  14:43  Marauder  
  135  14:44  Marauder x2  
  144  14:46  Barracks x2  
  144  14:55  Marine  
  134  15:02  Marine x2  
  134  15:04  Marine  
  134  15:05  Marauder x2  
  134  15:06  Liberator  
  139  15:12  Marauder, Marine  
  138  15:14  Planetary Fortress  
  138  15:18  Missile Turret  
  138  15:20  Marine, Command Center  
  137  15:26  Marine, Marauder x2  
  145  15:34  Marine  
  146  15:36  Marine  
  146  15:42  Marine, Marauder  
  151  15:45  Barracks Tech Lab, Barracks Reactor  
  151  15:49  Liberator x3  
  150  15:52  Marine  
  150  15:53  Marauder  
  150  15:57  Marine x2, Marauder  
  151  16:08  Marine  
  151  16:09  Marauder  
  159  16:14  Marine x2  
  159  16:15  Marauder  
  163  16:20  Marine x2, Marauder  
  162  16:26  Marine  
  162  16:30  Marauder  
  141  16:33  Marine x2  
  141  16:34  Marine, Marauder  
  141  16:36  Marauder  
  141  16:38  Marine  
  137  16:40  Marine  
  137  16:42  Marauder  
  137  16:44  Marine  
  141  16:51  Marine x3, Refinery x2  
  141  16:52  Marauder  
  149  16:55  Marauder  
  149  16:59  Marine  
  155  17:01  Marine  
Tags
 
Add a new tag
Caveats
  • Supply blocks, unpowered buildings, or Contaminate may cause inaccurate times.
  • Supply counts are checked every 10 seconds.